[Event "January 9 Early 2024"]
[Site "https://www.chess.com"]
[Date "2024.01.11"]
[Round "5"]
[White "de Lisle, Sarah"]
[Black "Guevara Sanchez, Erick Marvin"]
[Result "0-1"]
[Board "276"]
[TimeControl "180+1"]
[WhiteFideId "402605"]
[BlackFideId "6700136"]
[WhiteElo "1934"]
[BlackElo "2214"]
[WhiteTeam "ENG"]
[BlackTeam "ESA"]
[WhiteClock "0:00:07"]
[BlackClock "0:00:08"]

1. e4 c5 2. Nc3 Nc6 3. g3 g6 4. Bg2 Bg7 5. d3 e6 6. Be3 Nd4 7. Qd2 h6 8. O-O-O Ne7 9. Nge2 Rb8 10. Bxd4 cxd4 11. Nb5 Qb6 12. Qb4 O-O 13. Qxe7 Qxb5 14. Qd6 Ra8 15. Nxd4 Qa4 16. Nb3 Qxa2 17. d4 a5 18. Qa3 Qxa3 19. bxa3 b6 20. c3 Ba6 21. Rd2 Rac8 22. Kb2 Rc7 23. Rc1 Rfc8 24. e5 Bc4 25. f4 h5 26. h3 Bf8 27. g4 hxg4 28. hxg4 d6 29. Rf2 dxe5 30. fxe5 Bh6 31. Rcc2 Bg5 32. Be4 a4 33. Nd2 Bb5 34. Nf3 Be7 35. Rc1 Bc4 36. Rcc2 Bb3 37. Rc1 b5 38. Rcf1 Bc4 39. Rc1 Rd8 40. Bb1 Bd5 41. Ba2 Bxf3 42. Rxf3 Rdc8 43. Rcf1 Bg5 44. Bb1 Kg7 45. Rd3 Rc4 46. Rdf3 R8c7 47. Rd3 R4c6 48. Rdf3 Rc4 49. Rd3 Rc8 50. Rdf3 R4c7 51. Rd3 Rh8 52. Rdf3 Rh2+ 53. R1f2 Rxf2+ 54. Rxf2 Kh6 55. Rf3 Bh4 56. Rh3 Kg5 57. Rh1 Bg3 58. Rg1 Bf2 59. Bd3 Bxg1 60. Bxb5 Rb7 61. c4 Bxd4+ 62. Kc2 Bxe5 63. Kd3 Kxg4 64. Ke4 f6 65. Kd3 Rxb5 66. Ke2 Rb3 67. Kd2 Rxa3 68. Kc2 Rb3 69. Kd2 Ra3 70. c5 Rb3 71. c6 Rc3 72. c7 Rxc7 73. Ke2 a3 74. Kd3 a2 0-1

[Event "January 9 Early 2024"]
[Site "https://www.chess.com"]
[Date "2024.01.11"]
[Round "5"]
[White "Syaputra, Arifa Rizki"]
[Black "Sjugirov, Sanan"]
[Result "0-1"]
[Board "277"]
[TimeControl "180+1"]
[WhiteFideId "7105100"]
[BlackFideId "4189302"]
[WhiteElo "2724"]
[BlackElo "2966"]
[WhiteTeam "INA"]
[BlackTeam "HUN"]
[WhiteClock "0:00:07"]
[BlackClock "0:00:04"]

1. d4 Nf6 2. Nf3 d5 3. Bf4 c5 4. e3 Nc6 5. Nbd2 e6 6. c3 Nh5 7. Be5 f6 8. Bg3 cxd4 9. cxd4 g6 10. Be2 Be7 11. O-O O-O 12. Rc1 Bd7 13. a3 Rc8 14. Ne1 Nxg3 15. hxg3 f5 16. Nd3 Bd6 17. b4 b6 18. Qb3 Ne7 19. Rxc8 Qxc8 20. Rc1 Qe8 21. Nf3 Bb5 22. Qb2 Bc4 23. Nfe5 b5 24. Nc5 Bxe5 25. dxe5 Nc6 26. f4 Qe7 27. a4 a5 28. axb5 Nxb4 29. Na6 Rc8 30. Bxc4 dxc4 31. Qd4 Nxa6 32. bxa6 Qc7 33. Rc3 Kg7 34. a7 Ra8 35. Rxc4 Qxa7 36. Qd6 Qxe3+ 37. Kh2 Ra7 38. Qxe6 Qe2 39. Qf6+ Kh6 40. Qg5+ Kg7 41. Qf6+ Kh6 42. Qg5+ Kg7 43. Rc6 Qh5+ 44. Qxh5 gxh5 45. Rc3 a4 46. Ra3 Kf7 47. Kh3 Ra5 48. Kh4 Kg6 49. e6 Kf6 50. Re3 Ke7 51. Ra3 Kxe6 52. Kxh5 Kd5 53. Kh6 Kc4 54. Kxh7 Kb4 55. Ra1 Kb3 56. Kg6 Kb2 57. Rf1 a3 58. g4 fxg4 59. f5 a2 60. f6 a1=Q 61. Rxa1 Rxa1 62. f7 Rf1 63. Kg7 Kc3 64. f8=Q Rxf8 65. Kxf8 Kd4 66. Kf7 Ke3 67. Kg6 g3 68. Kf5 Kf2 0-1

[Event "January 9 Early 2024"]
[Site "https://www.chess.com"]
[Date "2024.01.11"]
[Round "5"]
[White "Hungaski, Robert"]
[Black "Domalchuk-Jonasson, Aleksandr"]
[Result "1/2-1/2"]
[Board "278"]
[TimeControl "180+1"]
[WhiteFideId "2021030"]
[BlackFideId "14142805"]
[WhiteElo "2452"]
[BlackElo "2623"]
[WhiteTeam "USA"]
[BlackTeam "ISL"]
[WhiteClock "0:00:18"]
[BlackClock "0:00:19"]

1. e4 e6 2. d4 d5 3. Nc3 Bb4 4. Ne2 dxe4 5. a3 Be7 6. Nxe4 Nd7 7. Bf4 Ngf6 8. Qd3 Nxe4 9. Qxe4 Nf6 10. Qf3 c5 11. O-O-O Qd5 12. Qxd5 Nxd5 13. Be5 f6 14. Bg3 cxd4 15. Nxd4 Kf7 16. Bc4 Rd8 17. Rhe1 a6 18. Bb3 Bd7 19. Kb1 Rac8 20. Nf5 Bc6 21. Nd4 e5 22. Nf5 Bf8 23. Ne3 Ke6 24. Rd3 Rd7 25. Red1 Rcd8 26. f4 e4 27. f5+ Ke7 28. Nxd5+ Ke8 29. Nc7+ Ke7 30. Rxd7+ Rxd7 31. Rxd7+ Kxd7 32. Ne6 Bd6 33. Nd4 e3 34. Kc1 Bxg2 35. Be6+ Ke7 36. Bxd6+ Kxd6 37. Kd1 Ke5 38. c3 Ke4 39. Ke2 Bh3 40. Bc8 Bg4+ 41. Ke1 b6 42. b4 a5 43. Be6 axb4 44. axb4 Kd3 45. Nb5 g6 46. Nd6 Bh5 47. fxg6 hxg6 48. c4 Kd4 49. Nb5+ Ke5 50. Bf7 f5 51. c5 bxc5 52. bxc5 f4 53. c6 Kf6 54. c7 Bg4 55. Bd5 Ke5 56. Bf3 Bc8 57. Na7 Bh3 58. c8=Q Bxc8 59. Nxc8 g5 60. h3 Kd4 61. Ke2 Ke5 62. Ne7 Ke6 63. Nc6 Kd6 64. Nd4 Ke5 65. Nc2 Kf5 66. Ne1 Ke5 67. Bg4 Ke4 68. Nf3 Kd5 69. Nxg5 Ke5 70. Nf3+ Kf6 71. Ng1 Kg5 72. Kf3 e2 73. Nxe2 Kh4 74. Bf5 Kg5 75. Bg4 Kh4 76. Nd4 Kg5 77. Nc6 Kh4 78. Ne5 Kg5 79. Nc4 Kh4 80. Nd2 Kg5 81. Ne4+ Kh4 82. Nf2 Kg5 83. Nh1 Kh4 84. Kg2 Kg5 85. Nf2 Kh4 86. Ne4 f3+ 87. Kxf3 1/2-1/2

[Event "January 9 Early 2024"]
[Site "https://www.chess.com"]
[Date "2024.01.11"]
[Round "5"]
[White "Rakitin, Daniil"]
[Black "Sethuraman, S.P."]
[Result "1-0"]
[Board "279"]
[TimeControl "180+1"]
[WhiteFideId "24219762"]
[BlackFideId "5021596"]
[WhiteElo "2688"]
[BlackElo "2872"]
[WhiteTeam "RUS"]
[BlackTeam "IND"]
[WhiteClock "0:00:14"]
[BlackClock "0:00:02"]

1. e4 c5 2. Nf3 d6 3. d4 cxd4 4. Nxd4 Nf6 5. Nc3 a6 6. Be2 e5 7. Nb3 Be7 8. g4 Be6 9. g5 Nfd7 10. h4 Nb6 11. Be3 N8d7 12. Qd2 Rc8 13. O-O-O Nc4 14. Bxc4 Rxc4 15. Nd5 Rxe4 16. Na5 Ra4 17. Nxb7 Qb8 18. Nc3 Qxb7 19. Nxa4 d5 20. f4 Qc6 21. Nc3 d4 22. Bxd4 exd4 23. Qxd4 O-O 24. Rhe1 g6 25. Rxe6 fxe6 26. Qxd7 Qxd7 27. Rxd7 Bc5 28. Ne4 Be3+ 29. Kd1 Rxf4 30. Nf6+ Kf8 31. Rxh7 Bd4 32. c3 Bxf6 33. gxf6 a5 34. f7 a4 35. h5 gxh5 36. Rxh5 Kxf7 37. Rh2 e5 38. Kc2 Ke6 39. b3 axb3+ 40. axb3 e4 41. b4 Kd5 42. Rh5+ Kd6 43. Rh8 Rf2+ 44. Kb3 e3 45. Re8 Re2 46. Kc4 Kd7 47. Re4 Kc6 48. Kd3 Rd2+ 49. Kxe3 Rd1 50. Rd4 Rc1 51. Kd3 Kb6 52. Kc4 Rh1 53. Rd6+ Kc7 54. Rg6 Rh5 55. b5 Rh4+ 56. Kc5 Rh5+ 57. Kb4 Rh1 58. c4 Rd1 59. Kc5 Rh1 60. Rg7+ Kb8 61. b6 Rh5+ 62. Kc6 Rh6+ 63. Kb5 Re6 64. c5 Re1 65. Rh7 Re8 66. c6 Re5+ 67. Ka6 Re8 68. Ra7 Re6 69. c7+ Kc8 70. Ra8+ 1-0

[Event "January 9 Early 2024"]
[Site "https://www.chess.com"]
[Date "2024.01.11"]
[Round "5"]
[White "Delorme, Axel"]
[Black "Rosen, Eric"]
[Result "1/2-1/2"]
[Board "280"]
[TimeControl "180+1"]
[WhiteFideId "632023"]
[BlackFideId "2032562"]
[WhiteElo "2497"]
[BlackElo "2664"]
[WhiteTeam "FRA"]
[BlackTeam "USA"]
[WhiteClock "0:00:10"]
[BlackClock "0:00:06"]

1. e4 c5 2. Nf3 Nc6 3. Bb5 e6 4. O-O Nge7 5. Re1 a6 6. Bf1 d5 7. exd5 Nxd5 8. d4 cxd4 9. Nxd4 Nxd4 10. Qxd4 Qf6 11. Qxf6 Nxf6 12. c4 Bd7 13. Be3 Bc6 14. Nc3 Bd6 15. h3 Ke7 16. Rad1 Rhd8 17. Bb6 Rd7 18. Nd5+ Nxd5 19. cxd5 Bb5 20. dxe6 fxe6 21. Rd4 Bxf1 22. Kxf1 Rc8 23. Rde4 Rc6 24. Rxe6+ Kf7 25. Ba5 Bc7 26. Rxc6 Bxa5 27. Rc4 Bxe1 28. Kxe1 Kf6 29. Ke2 Rd6 30. a4 a5 31. Rc5 Rb6 32. Rxa5 Rxb2+ 33. Kf3 Rb3+ 34. Ke4 Rb2 35. Rb5 Rxf2 36. g4 Re2+ 37. Kf4 Re7 38. Rb6+ Kf7 39. a5 Rc7 40. h4 Rc4+ 41. Kf3 Rc3+ 42. Kf4 Rc4+ 43. Kf5 Rc5+ 44. Ke4 Rxa5 45. Rxb7+ Kf6 46. Rb6+ Kf7 47. Rb7+ Kf6 48. Rb6+ Ke7 49. Rb7+ Kf8 50. Kf4 Rc5 51. h5 h6 52. Kf3 Kg8 53. Kf4 Rc4+ 54. Kf5 Rc5+ 55. Kf4 Kh7 56. Ra7 Rc4+ 57. Kf5 Rb4 58. Rc7 Rb5+ 59. Kf4 Ra5 60. Kg3 Ra1 61. Kh4 Rh1+ 62. Kg3 Rg1+ 63. Kh4 Kg8 64. Rd7 Kf8 65. Ra7 Re1 66. Ra6 Kf7 67. Rg6 Rh1+ 68. Kg3 Rf1 69. Kh4 Rf6 70. Rxf6+ Kxf6 71. Kh3 Kg5 72. Kg3 g6 73. hxg6 Kxg6 74. Kh4 Kg7 75. Kh5 Kh7 76. g5 hxg5 77. Kxg5 1/2-1/2

[Event "January 9 Early 2024"]
[Site "https://www.chess.com"]
[Date "2024.01.11"]
[Round "5"]
[White "Jovic, Stanoje"]
[Black "Tharushi, T H D Niklesha"]
[Result "1-0"]
[Board "281"]
[TimeControl "180+1"]
[WhiteFideId "905020"]
[BlackFideId "9918264"]
[WhiteElo "2419"]
[BlackElo "2246"]
[WhiteTeam "SRB"]
[BlackTeam "SRI"]
[WhiteClock "0:00:15"]
[BlackClock "0:00:16"]

1. c4 c5 2. g3 Nf6 3. Bg2 Nc6 4. Nc3 g6 5. Nf3 Bg7 6. O-O O-O 7. d4 cxd4 8. Nxd4 Nxd4 9. Qxd4 d6 10. Bg5 h6 11. Bxf6 Bxf6 12. Qe3 Bg7 13. Rfd1 Bd7 14. Bxb7 Rb8 15. Bg2 Rxb2 16. Rac1 Be6 17. c5 Qa5 18. c6 Rc8 19. Nd5 Kf8 20. a3 Rb5 21. Nf4 Re5 22. Nxe6+ Rxe6 23. Qd3 Re5 24. Bh3 f5 25. g4 fxg4 26. Bxg4 Rg5 27. h3 h5 28. f4 hxg4 29. fxg5 Qxg5 30. Qg3 Bd4+ 31. Kh1 Qd5+ 32. Kh2 Qe5 33. hxg4 Qxg3+ 34. Kxg3 Bc5 35. e4 Rxc6 36. e5 Ra6 37. Rd3 Kg7 38. exd6 exd6 39. Kf3 Ra4 40. Ra1 a5 41. Ra2 Kf6 42. Kg3 g5 43. Rf3+ Kg6 44. Re2 Bxa3 45. Re6+ Kg7 46. Re7+ Kg6 47. Re6+ Kg7 48. Rf5 Bc1 49. Rb5 Bf4+ 50. Kf3 Ra3+ 51. Ke2 Ra2+ 52. Kd1 Rd2+ 53. Ke1 Rh2 54. Rb7+ Kf8 55. Rf6+ Ke8 56. Rg6 Rh1+ 57. Kf2 Rh2+ 58. Kg1 Kf8 59. Rf6+ Ke8 60. Rff7 Re2 61. Rh7 Kd8 62. Rh8+ Re8 63. Rb8+ Kd7 64. Rbxe8 Kc6 65. Re4 Kd5 66. Rhe8 Be5 67. Re1 Bd4+ 68. Kg2 a4 69. Rd1 a3 70. Ra8 Ke5 71. Rxa3 Bc5 72. Ra5 Kf4 73. Rxc5 dxc5 74. Kh3 Kf3 75. Rf1+ Ke2 76. Rf5 Kd3 77. Rxc5 Ke4 78. Rxg5 Kf4 79. Rf5+ Ke4 80. Kh4 Kd4 81. Kg5 Kc4 82. Kf6 1-0

[Event "January 9 Early 2024"]
[Site "https://www.chess.com"]
[Date "2024.01.11"]
[Round "5"]
[White "Sarkar, Justin"]
[Black "Astafurov, Arseniy"]
[Result "1-0"]
[Board "282"]
[TimeControl "180+1"]
[WhiteFideId "2010011"]
[BlackFideId "24175218"]
[WhiteElo "2308"]
[BlackElo "2523"]
[WhiteTeam "USA"]
[BlackTeam "RUS"]
[WhiteClock "0:00:05"]
[BlackClock "0:00:14"]

1. e4 e6 2. d4 d5 3. Nc3 Nf6 4. Bg5 dxe4 5. Nxe4 Be7 6. Bxf6 gxf6 7. c3 f5 8. Nd2 c5 9. Ngf3 Nc6 10. Nb3 cxd4 11. Nbxd4 Nxd4 12. Qxd4 Qxd4 13. Nxd4 Bd7 14. Bb5 O-O-O 15. Bxd7+ Rxd7 16. Ke2 Bf6 17. Rad1 Bxd4 18. Rxd4 Rxd4 19. cxd4 Kd7 20. Rc1 Kd6 21. Ke3 Rg8 22. g3 Kd7 23. Rc2 h5 24. Rc5 h4 25. b4 h3 26. a4 Rg4 27. f4 Rg8 28. d5 Kd6 29. dxe6 fxe6 30. a5 Rd8 31. Kd4 b6 32. axb6 axb6 33. Rc2 Ke7+ 34. Ke3 Ra8 35. Rc7+ Kf6 36. Rh7 Ra3+ 37. Kd4 Ra2 38. Rxh3 Ke7 39. Rh6 Kd6 40. Kc4 Rb2 41. Kb5 Rb1 42. h4 Kd5 43. Rg6 Rb2 44. h5 Rh2 45. h6 Kd6 46. Kxb6 Rh1 47. b5 Rh3 48. Kb7 Rh1 49. b6 Rb1 50. Rg7 Rh1 51. h7 Rh3 52. Kb8 e5 53. b7 e4 54. Rf7 Rh1 55. Rf8 Rxh7 56. Kc8 Rh1 57. Kb8 Rc1 58. Ka8 Ra1+ 59. Kb8 e3 60. Rd8+ Kc5 61. Re8 Kd4 62. Rd8+ Ke4 63. Kc7 Rc1+ 64. Kb6 Rb1+ 65. Kc7 Rc1+ 66. Kb6 Rb1+ 67. Kc7 e2 68. Re8+ Kf3 69. b8=Q Rxb8 70. Kxb8 Kf2 71. Kc7 e1=Q 72. Rxe1 Kxe1 73. Kd6 Kf2 74. Ke5 Kxg3 75. Kxf5 Kf3 76. Ke5 1-0

[Event "January 9 Early 2024"]
[Site "https://www.chess.com"]
[Date "2024.01.11"]
[Round "5"]
[White "Samunenkov, Ihor"]
[Black "Bardyk, Artem"]
[Result "1-0"]
[Board "283"]
[TimeControl "180+1"]
[WhiteFideId "14187086"]
[BlackFideId "34349979"]
[WhiteElo "2773"]
[BlackElo "2768"]
[WhiteTeam "UKR"]
[BlackTeam "RUS"]
[WhiteClock "0:00:11"]
[BlackClock "0:00:03"]

1. d4 d5 2. Nc3 Nf6 3. Bf4 c5 4. e4 Nxe4 5. Nxe4 dxe4 6. dxc5 Qa5+ 7. c3 Qxc5 8. Qa4+ Nc6 9. Qxe4 Bf5 10. Qa4 Qa5 11. Bb5 Qxa4 12. Bxa4 Be4 13. f3 Bd5 14. Ne2 e6 15. b3 e5 16. c4 Be6 17. Bxe5 O-O-O 18. Bxc6 bxc6 19. Rd1 Rxd1+ 20. Kxd1 Bf5 21. Nd4 Bg6 22. Nc2 Be7 23. h4 Rd8+ 24. Kc1 f6 25. Bc3 h5 26. Rd1 Re8 27. Re1 Bd6 28. Rxe8+ Bxe8 29. Nd4 Bd7 30. Ne2 Be7 31. Nf4 Be8 32. Kd2 g5 33. hxg5 fxg5 34. Nd3 g4 35. fxg4 hxg4 36. Be5 Bg6 37. Ke3 Bg5+ 38. Kd4 Kd7 39. Bb8 Bf6+ 40. Ke3 a6 41. Ba7 Bg5+ 42. Ke2 Kc7 43. Be3 Bf6 44. Nc5 a5 45. Bd2 Kb6 46. Nd7+ Kc7 47. Nxf6 Bb1 48. Bxa5+ Kb7 49. Kd2 g3 50. Nh5 Be4 51. Nxg3 Bxg2 52. Kc2 Bf3 53. Kb2 Bg4 54. Ne4 Ka6 55. Bc3 Bh3 56. Nc5+ Kb6 57. Bd4 Ka5 58. Kc3 Bf1 59. b4+ Kb6 60. a4 Ka7 61. a5 Ka8 62. Nd3 Bh3 63. b5 Bd7 64. Kb4 cxb5 65. cxb5 Bf5 66. Ne5 Bc8 67. a6 Kb8 68. Ka5 Bh3 69. b6 Bg2 70. Nd7+ Ka8 71. Nc5 Kb8 72. Be5+ Kc8 73. b7+ Bxb7 74. axb7+ Kd8 75. b8=Q+ 1-0

[Event "January 9 Early 2024"]
[Site "https://www.chess.com"]
[Date "2024.01.11"]
[Round "5"]
[White "Arabidze, Meri"]
[Black "Przybylski, Wojciech"]
[Result "1-0"]
[Board "284"]
[TimeControl "180+1"]
[WhiteFideId "13604040"]
[BlackFideId "1117599"]
[WhiteElo "2719"]
[BlackElo "2549"]
[WhiteTeam "GEO"]
[BlackTeam "POL"]
[WhiteClock "0:00:09"]
[BlackClock "0:00:12"]

1. Nf3 Nf6 2. g3 e6 3. Bg2 d5 4. O-O Be7 5. c4 O-O 6. b3 Nbd7 7. Bb2 a5 8. Nc3 b6 9. cxd5 exd5 10. Nd4 Bb7 11. Nf5 Re8 12. Nxe7+ Qxe7 13. Rc1 c5 14. d4 Rad8 15. e3 Ne4 16. Nxe4 dxe4 17. Qc2 cxd4 18. Bxd4 Ne5 19. Bxb6 Rc8 20. Qe2 Nf3+ 21. Kh1 Qe6 22. Qb5 a4 23. bxa4 Qxa2 24. a5 Ra8 25. Ra1 Qd5 26. Qxd5 Bxd5 27. Rfc1 Nd2 28. Rd1 Nb3 29. Ra3 Be6 30. Bxe4 Rab8 31. Bf3 Rec8 32. Kg2 h5 33. Rd3 h4 34. gxh4 Nc1 35. Rdc3 Na2 36. Rxc8+ Rxc8 37. a6 Nc3 38. a7 Nd5 39. a8=Q Rxa8 40. Rxa8+ Kh7 41. Ra7 Nxb6 42. Be4+ g6 43. Ra6 Nc4 44. Ra7 Nd6 45. Bd3 Kh6 46. Kg3 Ne8 47. e4 Nf6 48. f4 Ne8 49. Ra8 Nd6 50. Rh8+ Kg7 51. Rd8 Nb7 52. Rb8 Nc5 53. Bc2 Nd7 54. Rd8 Nf6 55. f5 gxf5 56. exf5 Bc4 57. Kf4 Nd5+ 58. Ke5 Nf6 59. Bd3 Bb3 60. Rd6 Ng4+ 61. Kf4 Nf6 62. Kg3 Ba2 63. Rb6 Bd5 64. Be2 Ne4+ 65. Kf4 Nf6 66. h5 Ba2 67. h6+ Kxh6 68. Rxf6+ Kg7 69. Rb6 Bd5 70. h4 Ba2 71. h5 Bd5 72. h6+ Kh7 73. Kg5 Be4 74. Kf6 Bd3 75. Bxd3 Kxh6 76. Rb8 Kh5 77. Rh8+ Kg4 78. Kxf7 Kg5 79. f6 Kf4 80. Kg7 Ke5 81. f7 Ke6 82. f8=Q Kd5 83. Qf6 Kc5 84. Bg6 Kd5 85. Re8 Kc4 86. Qd6 Kb5 87. Rb8+ Ka5 88. Qa3# 1-0

[Event "January 9 Early 2024"]
[Site "https://www.chess.com"]
[Date "2024.01.11"]
[Round "5"]
[White "Aashman Gupta"]
[Black "Panda Sambit"]
[Result "0-1"]
[Board "285"]
[TimeControl "180+1"]
[WhiteFideId "45022500"]
[BlackFideId "25091794"]
[WhiteElo "2472"]
[BlackElo "2572"]
[WhiteTeam "IND"]
[BlackTeam "IND"]
[WhiteClock "0:00:08"]
[BlackClock "0:00:14"]

1. b3 b6 2. Bb2 Bb7 3. e3 e6 4. Nf3 Nf6 5. c4 Be7 6. Nc3 O-O 7. d4 d5 8. cxd5 exd5 9. Bd3 c5 10. O-O Nbd7 11. dxc5 bxc5 12. Rc1 Re8 13. Qe2 Qb6 14. Na4 Qa5 15. Bc3 Qd8 16. Bxf6 Bxf6 17. Nxc5 Nxc5 18. Rxc5 d4 19. e4 Qe7 20. Rfc1 Bxe4 21. Rc7 Qe6 22. Bc4 Bd5 23. Qxe6 Bxe6 24. Bxe6 fxe6 25. Nd2 Bg5 26. Rd1 Bxd2 27. Rxd2 Rac8 28. Rxc8 Rxc8 29. Kf1 e5 30. Ke2 Kf7 31. Kd3 Ke6 32. Ke4 Rc1 33. f4 Re1+ 34. Kd3 exf4 35. Kxd4 Kf5 36. Kd3 Re3+ 37. Kd4 g5 38. Rc2 Re4+ 39. Kd3 Re3+ 40. Kd4 Re4+ 41. Kd3 Re5 42. b4 g4 43. a4 Re3+ 44. Kd4 Re4+ 45. Kd3 Rxb4 46. Rc5+ Kf6 47. Rc6+ Kg5 48. Rc5+ Kh4 49. Rc7 Rxa4 50. Rxh7+ Kg5 51. Rg7+ Kf5 52. Rf7+ Kg6 53. Rf8 a5 54. Rb8 Ra3+ 55. Kd4 Ra4+ 56. Ke5 f3 57. gxf3 gxf3 58. Rb3 f2 59. Rg3+ Kh5 60. Rf3 Ra2 61. Kf4 a4 62. Kg3 a3 63. h3 Ra1 64. Kxf2 a2 65. Kg2 Rb1 66. Rf5+ Kg6 67. Ra5 a1=Q 68. Rxa1 Rxa1 69. Kg3 Kh5 70. Kf4 Ra3 71. Kf5 Kh4 72. Kf4 Rxh3 73. Kf5 Rg3 74. Kf6 Kg4 75. Ke7 Rf3 76. Ke6 Kf4 77. Kd7 Re3 78. Kd6 Ke4 0-1

[Event "January 9 Early 2024"]
[Site "https://www.chess.com"]
[Date "2024.01.11"]
[Round "5"]
[White "Rohith Krishna S"]
[Black "Trost, Edvin"]
[Result "1-0"]
[Board "286"]
[TimeControl "180+1"]
[WhiteFideId "46617051"]
[BlackFideId "1729519"]
[WhiteElo "2834"]
[BlackElo "2624"]
[WhiteTeam "IND"]
[BlackTeam "SWE"]
[WhiteClock "0:00:31"]
[BlackClock "0:00:11"]

1. e4 e6 2. Nf3 d5 3. Nc3 d4 4. Ne2 c5 5. c3 Nf6 6. cxd4 cxd4 7. Nexd4 Nxe4 8. Bb5+ Bd7 9. Qe2 Bxb5 10. Nxb5 Nf6 11. O-O Nc6 12. d4 Be7 13. Bf4 O-O 14. Rfd1 a6 15. Nc3 Nd5 16. Bg3 Bf6 17. Ne5 Nxc3 18. bxc3 Bxe5 19. Bxe5 Nxe5 20. Qxe5 Rc8 21. Rd3 Qc7 22. Qg5 Rfd8 23. Rg3 g6 24. h4 Rd5 25. Qe3 b5 26. a4 h5 27. axb5 axb5 28. Rf3 Qd8 29. g3 Rc7 30. Qf4 Rf5 31. Qe4 Qd5 32. Ra8+ Kg7 33. Qxd5 Rxd5 34. Rb8 Ra7 35. Kf1 Ra2 36. Rb7 Rf5 37. Rxf5 gxf5 38. Rxb5 Rc2 39. Rc5 Kf6 40. Kg2 Rd2 41. Rc8 Rc2 42. Kf3 Rc1 43. Ke2 Rc2+ 44. Ke3 Rc1 45. c4 Re1+ 46. Kd2 Rf1 47. Ke2 Rc1 48. Rc6 Rc2+ 49. Ke3 Rc3+ 50. Kd2 Rf3 51. Ke2 Rc3 52. c5 Rc2+ 53. Ke3 Kg7 54. Rd6 Rc3+ 55. Kf4 Rc2 56. f3 Rc3 57. Rd8 Kf6 58. Rd7 Rc4 59. Ke3 Rc3+ 60. Ke2 Rc2+ 61. Kd3 Rf2 62. c6 Rxf3+ 63. Kd2 Rf2+ 64. Ke3 Rc2 65. c7 Rc3+ 66. Kd2 Rc4 67. Kd3 Rc1 68. Ke3 Rc3+ 69. Kd2 Rc4 70. Ke2 Rc1 71. Kd3 Rc6 72. d5 exd5 73. Rd6+ Rxd6 74. c8=Q Re6 75. Qg8 Re4 76. Qg5+ Ke6 77. Qxh5 Rg4 78. Qh6+ f6 79. Qe3+ Kf7 80. Qf3 Kg6 81. Ke2 d4 82. Kf2 Re4 83. Qd3 Rg4 84. Qc4 Kg7 85. Qd5 Kg6 86. Qg8+ Kh6 87. Qf7 Rg6 88. Kf3 d3 89. Qd7 f4 90. Kxf4 d2 91. Qxd2 f5 92. Kxf5+ Kh7 93. Qd7+ Kh6 94. Qd8 Kh7 95. Qh8+ Kxh8 96. Kxg6 Kg8 97. g4 Kh8 98. g5 Kg8 99. Kh6 Kh8 100. g6 Kg8 101. g7 Kf7 102. Kh7 Kf6 103. g8=Q Ke5 104. Qf7 Kd4 105. Qe6 Kc3 106. Qd5 Kb4 107. Qc6 Ka3 108. Qb5 Ka2 109. Kg6 Ka1 110. Kf5 Ka2 111. Ke4 Ka1 112. Kd3 Ka2 113. Kc2 Ka1 114. Qb2# 1-0

[Event "January 9 Early 2024"]
[Site "https://www.chess.com"]
[Date "2024.01.11"]
[Round "5"]
[White "Perske, Thore"]
[Black "Szpar, Milosz"]
[Result "1/2-1/2"]
[Board "287"]
[TimeControl "180+1"]
[WhiteFideId "12902195"]
[BlackFideId "1184989"]
[WhiteElo "2650"]
[BlackElo "2845"]
[WhiteTeam "GER"]
[BlackTeam "POL"]
[WhiteClock "0:00:17"]
[BlackClock "0:00:13"]

1. e4 c5 2. Nf3 d6 3. g3 g6 4. Bg2 Bg7 5. O-O Nc6 6. d3 e5 7. Nc3 Nge7 8. a4 h6 9. Nd2 O-O 10. Nc4 Be6 11. Nd5 f5 12. c3 Kh7 13. f4 Qd7 14. a5 Rf7 15. Be3 fxe4 16. dxe4 exf4 17. Bxf4 Raf8 18. Nxd6 Rxf4 19. Nxf4 Bg8 20. a6 b6 21. Nb7 Qe8 22. Nd5 Ne5 23. Rxf8 Qxf8 24. Qe2 Bxd5 25. exd5 Nf5 26. Rd1 Nd6 27. Nxd6 Qxd6 28. Qe4 h5 29. Bf1 c4 30. Kg2 b5 31. Be2 Kh8 32. Qe3 Qxa6 33. d6 Qb7+ 34. Bf3 Qd7 35. Qe4 a5 36. Qd5 Kh7 37. Be4 Qg4 38. Bf3 Qd7 39. h3 h4 40. gxh4 Nd3 41. Rxd3 cxd3 42. Bg4 Qd8 43. Qxd3 Be5 44. d7 Kg7 45. h5 gxh5 46. Bxh5 Qf6 47. Bg4 Bc7 48. Qxb5 Qd6 49. Qg5+ Kh8 50. Qh5+ Kg7 51. Qg5+ Kh8 52. Kf3 Qg3+ 53. Ke4 Qd6 54. Qh5+ Kg7 55. Qg5+ Kh8 56. Qd5 Qf4+ 57. Kd3 Qf8 58. Qd4+ Kh7 59. Kc4 Qd8 60. Qe4+ Kh6 61. Qe6+ Kg7 62. Qe8 Qf6 63. Qe6 Qf4+ 64. Kb3 a4+ 65. Ka2 Bd8 66. Qd5 Qc7 67. Qd4+ Kf8 68. Qxa4 Kg7 69. Qd4+ Kg8 70. Qd5+ Kg7 71. Kb3 Qb6+ 72. Kc2 Qf2+ 73. Qd2 Qb6 74. b4 Qc6 75. Qd4+ Kg8 76. Kb3 Qh1 77. Qd3 Kg7 78. b5 Qa1 79. Qd4+ Kg8 80. Qd5+ Kg7 81. Qd3 Qa5 82. Kc4 Qa4+ 83. Kd5 Qa2+ 84. c4 Qa7 85. c5 Qc7 86. b6 Qf4 87. Qe4 Qd2+ 88. Kc6 Qa5 89. Qc4 Qa8+ 90. Kb5 Qa1 91. Qb3 Qf1+ 92. Kc6 Qg2+ 93. Qd5 Qg3 94. Qd4+ Kg8 95. b7 Qc7+ 96. Kd5 Qxb7+ 97. c6 Qc7 98. Ke4 Qxc6+ 99. Qd5+ Qxd5+ 100. Kxd5 Kg7 101. Ke6 Kf8 102. Kd6 Kg7 103. Kc6 Kf8 104. Kb7 Be7 105. Kc8 Kg7 106. d8=Q Bxd8 107. Kxd8 Kh8 108. Kd7 Kg7 109. Ke6 Kh8 110. Kf5 Kg7 111. Kg5 Kh8 112. Kh5 Kg7 113. h4 Kh8 114. Bf5 Kg7 115. Kg5 Kh8 116. h5 Kg7 117. Bg6 Kh8 118. h6 Kg8 119. Kf6 Kh8 120. h7 1/2-1/2

[Event "January 9 Early 2024"]
[Site "https://www.chess.com"]
[Date "2024.01.11"]
[Round "5"]
[White "Tulchynskyi, Feliks"]
[Black "Wantiez, Fabrice"]
[Result "1/2-1/2"]
[Board "288"]
[TimeControl "180+1"]
[WhiteFideId "34127895"]
[BlackFideId "202274"]
[WhiteElo "2558"]
[BlackElo "2408"]
[WhiteTeam "UKR"]
[BlackTeam "BEL"]
[WhiteClock "0:00:06"]
[BlackClock "0:00:25"]

1. c4 Nf6 2. Nc3 d5 3. cxd5 Nxd5 4. g3 g6 5. Bg2 Nb6 6. Nf3 Bg7 7. O-O O-O 8. a3 Nc6 9. d3 e5 10. Bd2 Nd4 11. b4 Bg4 12. Nxd4 exd4 13. Ne4 c6 14. h3 Bf5 15. Nc5 Qe7 16. Re1 Nd5 17. Qc2 Rac8 18. Rac1 Rfe8 19. g4 Be6 20. Nxe6 Qxe6 21. e4 dxe3 22. fxe3 Qd6 23. d4 Re7 24. Kh1 Rce8 25. e4 Nf4 26. e5 Qxd4 27. Re4 Qd3 28. Rxf4 Qxc2 29. Rxc2 Bxe5 30. Re4 Rd8 31. Bg5 f6 32. Rd2 Rxd2 33. Bxd2 Rd7 34. Re2 Rd3 35. Be3 Rxa3 36. Bf3 Rb3 37. Kg2 Rxb4 38. Bxa7 Rb2 39. Kf2 Kf7 40. Rxb2 Bxb2 41. Ke3 Ke6 42. Bc5 Be5 43. Kd3 f5 44. Kc4 Bc7 45. gxf5+ Kxf5 46. Bg4+ Kf4 47. Bd4 h5 48. Bc8 g5 49. Bxb7 g4 50. hxg4 hxg4 51. Bxc6 Be5 52. Bc5 g3 53. Kd3 Kg4 54. Ke2 Bf4 55. Kf1 Bc7 56. Kg2 Bf4 57. Bf3+ Kg5 58. Kh3 Bc7 59. Be3+ Kg6 60. Kg4 Kf6 61. Bd4+ Kg6 62. Be4+ Kf7 63. Kf5 Ke7 64. Bc5+ Bd6 65. Bb6 Kd7 66. Bd5 Bb8 67. Kg4 Bd6 68. Bg2 Bc7 69. Be3 Bd6 70. Kf5 Bc7 71. Ke4 Bd6 72. Kd5 Bc7 73. Bg5 Bd8 74. Bh3+ Ke8 75. Bf4 Bh4 76. Ke6 Kd8 77. Bg2 Kc8 78. Kf5 Kd7 79. Kg4 Be7 80. Bxg3 Bd6 81. Bf2 Ke6 82. Kg5 Be5 83. Be4 Kd6 84. Kf5 Bh2 85. Ba7 Kc7 86. Ke6 Bd6 87. Kd5 Bh2 88. Bc5 Bg3 89. Kc4 Bh2 90. Kb5 Bd6 91. Bb6+ Kd7 92. Bf5+ Ke7 93. Kc6 Ba3 94. Kd5 Bb4 95. Ke5 Ba3 96. Bc7 Bb4 97. Be6 Ba3 98. Kf5 Bd6 99. Bb6 Bb4 100. Bd4 Kd6 101. Bg7 Bd2 102. Bf8+ Kc6 103. Ke5 Kc7 104. Bd6+ Kb7 105. Bd5+ Ka7 106. Bc5+ Ka6 107. Kd6 Ba5 108. Kc6 Bd8 109. Bc4+ Ka5 110. Bb5 Bc7 111. Bf1 Bd8 112. Kd5 Bc7 113. Kc4 Bd8 114. Bg2 Bc7 115. Bc6 Bd8 116. Bd6 Bb6 117. Bb8 Bd8 118. Bd6 Bb6 119. Kd5 Bd8 120. Ke6 Bb6 121. Kd7 Bd4 122. Kc7 Bb6+ 123. Kb7 Bd4 124. Bc7+ Kb4 125. Bd6+ Kc3 126. Ka6 Be3 127. Kb5 Kd2 128. Kc4 Ke1 129. Kd3 Kf2 130. Be7 1/2-1/2